 Dungeon Crawl Stone Soup version 0.29.1-12-g30fa7ad0bf (webtiles) character file.

Game seed: 12480452199493889963

26 CaptainMV the Stinger (level 2, 0/19 HPs)
             Began as a Demonspawn Wanderer on Dec 22, 2022.
             Killed from afar by Natasha (4 damage)
             ... with a magic dart
             ... on level 2 of the Dungeon.
             The game lasted 00:07:33 (886 turns).

CaptainMV the Stinger (Demonspawn Wanderer)          Turns: 886, Time: 00:07:36

Health: 0/19       AC:  3    Str: 10    XL:     2   Next: 89%
Magic:  2/5        EV: 11    Int: 14    God:
Gold:   76         SH:  0    Dex: 13    Spells: 4/5 levels left

rFire   . . .      SeeInvis .   a - +0 dagger
rCold   . . .      Faith    .   (no shield)
rNeg    . . .      Spirit   .   c - +0 robe
rPois   .          Reflect  .   (no helmet)
rElec   .          Harm     .   (no cloak)
rCorr   .          Rampage  .   d - +0 pair of gloves
Will    .....                   (no boots)
Stlth   ++........              (no amulet)
HPRegen 0.06/turn               (no ring)
MPRegen 0.09/turn               (no ring)

@: no status effects
A: claws 1
a: no special abilities


You were on level 2 of the Dungeon.
You visited 1 branch of the dungeon, and saw 2 of its levels.

You collected 76 gold pieces.

Inventory:

Hand Weapons
 a - a +0 dagger (weapon)
Armour
 c - a +0 robe (worn)
 d - a +0 pair of gloves (worn)
Scrolls
 b - a scroll of fear
 e - a scroll of butterflies {unknown}
 i - a scroll of poison {unknown}
Potions
 f - a potion of haste {unknown}
 g - a potion of curing {unknown}
 h - a potion of brilliance {unknown}
 j - a potion of might {unknown}


   Skills:
 + Level 0.1 Fighting
 + Level 0.1 Short Blades
 + Level 1.0 Armour
 + Level 0.5 Dodging
 + Level 1.1 Stealth
 + Level 2.3 Spellcasting
 + Level 1.0 Summonings
 + Level 0.2 Transmutations
 + Level 4.4 Poison Magic
 + Level 1.0 Evocations


You had 4 spell levels left.
You knew the following spells:

 Your Spells              Type           Power      Damage    Failure   Level
a - Sting                 Tmut/Pois      32%        1d4       9%          1

Your spell library contained the following spells:

 Spells                   Type           Power      Damage    Failure   Level
 Summon Small Mammal      Summ           16%        N/A       16%         1
 Scorch                   Fire           2%         2d5       34%         2
 Ignite Poison            Fire/Tmut/Pois 6%         N/A       36%         3
 Call Canine Familiar     Summ           4%         N/A       41%         3
 Corpse Rot               Necr/Pois/Air  5%         N/A       77%         4
 Flame Wave               Conj/Fire      1%         2d4       92%         4
 Summon Cactus Giant      Summ           2%         N/A       100%        6


Dungeon Overview and Level Annotations

Branches:
Dungeon (2/15)

Altars:

Annotations:
D:2 Natasha


Innate Abilities, Weirdness & Mutations

You have sharp fingernails.


Message History

You see here a hobgoblin corpse.
You now have 76 gold pieces (gained 13).
Found a smoky green potion.
Found a stone staircase leading down.
j - a smoky green potion Natasha and a frilled lizard come into view.
The frilled lizard hisses angrily.
Natasha moves out of view.
You barely miss the frilled lizard. The frilled lizard bites you.
You completely miss the frilled lizard. The frilled lizard barely misses you.
You hit the frilled lizard.
You kill the frilled lizard!
You barely miss Natasha. Natasha claws you but does no damage.
Casting: Sting (safe; 9% risk of failure)
Confirm with . or Enter, or press ? or * to list all spells.
Aiming: Sting (safe; 9% risk of failure)
Press: ? - help, Shift-Dir - straight line, f - Natasha
Aim: Natasha (60% to hit)
The sting misses Natasha.
Natasha howls an incantation.
You feel troubled. Natasha claws you.
Casting: Sting (safe; 9% risk of failure)
Confirm with . or Enter, or press ? or * to list all spells.
Aiming: Sting (safe; 9% risk of failure)
Press: ? - help, Shift-Dir - straight line, f/p - Natasha
Aim: Natasha (60% to hit)
The sting hits Natasha but does no damage.
Natasha is poisoned.
Natasha claws you!
* * * LOW HITPOINT WARNING * * *
Casting: Sting (safe; 9% risk of failure)
Confirm with . or Enter, or press ? or * to list all spells.
Aiming: Sting (safe; 9% risk of failure)
Press: ? - help, Shift-Dir - straight line, f/p - Natasha
Aim: Natasha (poisoned, 60% to hit)
The sting hits Natasha.
Natasha looks even sicker.
Natasha is moderately wounded.
Natasha stares at you and mumbles some strange words.
The magic dart hits you.
You die...

#.... .#
#........#
#........# #
##........#
..#.......###
..........#
..........####
#....#.......#
###...>#h......#
....h. #@......#
...... #.......#
......##.......#
...............#
...............#
...............#
####...........#
#....########
######


You could see Natasha (very poisoned).

Vanquished Creatures
  4 bats (D:1)
  2 endoplasms (D:1)
  3 goblins (D:1)
  2 hobgoblins
  2 jackals (D:1)
  3 ball pythons (D:1)
  5 frilled lizards
  2 kobolds (D:1)
  A rat (D:1)
24 creatures vanquished.

Notes
Turn   | Place    | Note
-------+----------+-------------------------------------------
     0 | D:1      | CaptainMV the Demonspawn Wanderer began the quest for the
                  | Orb.
     0 | D:1      | CaptainMV set off with the following items: a +0 dagger, a
                  | scroll of fear, a +0 robe, a +0 pair of gloves; and the
                  | following spells available to memorise: Sting, Summon Small
                  | Mammal, Ignite Poison, Call Canine Familiar, Corpse Rot.
     0 | D:1      | Reached XP level 1. HP: 13/13 MP: 3/3
     2 | D:1      | Learned a level 1 spell: Sting
   147 | D:1      | Gained mutation: You have sharp fingernails. [demonic
                  | ancestry]
   147 | D:1      | Reached XP level 2. HP: 11/19 MP: 3/5
   292 | D:1      | Found a faded altar of an unknown god.
   870 | D:2      | Noticed Natasha
   886 | D:2      | Killed from afar by Natasha

Illustrated notes

Levels and vault maps discovered:
D:1:      dpeg_arrival_arbitrary_b, layout_loops_corners,
          ebering_ecumenical_altar_rust, minmay_door_square, minmay_octomino_j4
D:2:      layout_basic, uniq_natasha, uniq_robin, uniq_jessica

Action                   || total
-------------------------++-------
Melee: Dagger            ||    78
       Punch             ||     1
 Cast: Sting             ||    22
 Stab: Sleeping          ||     2
Armor: Robe              ||    25
Dodge: Dodged            ||    60
